 Dungeon Crawl Stone Soup version 0.31-a0-1178-gc5c9b8f871 (webtiles) character file.

Game seed: 1391410796606049206

47 grandjackal the Covered (level 3, 0/29 HPs)
             Began as an Armataur Fighter on Dec 12, 2023.
             Slain by Grinder (5 damage)
             ... on level 2 of the Dungeon.
             The game lasted 00:01:25 (1165 turns).

grandjackal the Covered (Armataur Fighter)          Turns: 1165, Time: 00:01:27

Health: 0/29       AC:  7    Str: 19 (23) XL:     3   Next: 48%
Magic:  3/3        EV:  7    Int:  4 (8)  God:
Gold:   76         SH:  4    Dex:  7 (9)  Spells: 2/2 levels left

rFire   . . .        e - +2 whip (flame)
rCold   . . .        c - +0 buckler
rNeg    . . .        b - +0 scale mail
rPois   .            (no helmet)
rElec   .            (no cloak)
rCorr   .            (no gloves)
SInv    .            (no barding)
Will    .....        (no amulet) Stlth
                     (no ring)
HPRegen 0.24/turn    (no ring)
MPRegen 0.08/turn

%: roll
@: hasted, very quick
A: large, deformed body, tough skin 3, armoured tail, roll 1, long tongue
a: no special abilities


You were on level 2 of the Dungeon.
You visited 1 branch of the dungeon, and saw 3 of its levels.

You collected 76 gold pieces.

Inventory:

Hand Weapons
 a - a +0 flail
 e - a +2 whip of flaming (weapon)
Armour
 b - a +0 scale mail (worn)
 c - a +0 buckler (worn)
Wands
 i - a wand of flame (24)
Scrolls
 f - a scroll of acquirement {unknown}
 h - a scroll of immolation {unknown}
 m - a scroll of revelation {unknown}
 p - a scroll of fog {unknown}
 q - a scroll of teleportation {unknown}
Potions
 d - a potion of might
 j - a potion of attraction {unknown}
 l - a potion of ambrosia {unknown}
 n - a potion of degeneration
 o - a potion of mutation {unknown}


   Skills:
 + Level 3.1 Fighting
 + Level 2.3 Maces & Flails
 - Level 4.1 Armour
 + Level 3.7 Shields
 + Level 0.0 Evocations


You had 2 spell levels left.
You didn't know any spells.
Your spell library contained the following spells:

 Spells                   Type           Power      Damage    Failure   Level
 Magic Dart               Conj           0%         1d3       91%         1
 Sting                    Tmut/Pois      0%         1d3       91%         1
 Poisonous Vapours        Pois/Air       0%         N/A       97%         2
 Searing Ray              Conj           0%         2d4       97%         2
 Fulminant Prism          Conj/Hex       0%         3d5       100%        4
 Olgreb's Toxic Radiance  Pois           0%         N/A       100%        4


Dungeon Overview and Level Annotations

Branches:
Dungeon (3/15)

Altars:

Shops:
D:2 :

Annotations:
D:2 Grinder


Innate Abilities, Weirdness & Mutations

Armour fits poorly on your strangely shaped body.
You have extremely tough skin. (AC +3)
You have a long armoured tail.
You roll when moving toward enemies. (Rampage)
Your long tongue fully drains potion bottles. (2x potion effects)


Message History

Grinder hits you but does no damage.
It was a potion of degeneration.
There was something very wrong with that liquid.
You feel weakened.
You feel dopey.
You feel clumsy.
You slurp down every last drop of the potion of degeneration!
It was a potion of curing.
You feel better.
You slurp down every last drop of the potion of curing!
Grinder gestures at you.
You suddenly lose the ability to move!
Grinder gestures at you. You resist with significant effort. Grinder hits you.
You writhe in agony.
Grinder hits you.
You writhe in agony.
Grinder hits you but does no damage. Grinder hits you.
* * * LOW HITPOINT WARNING * * *
You can move again.
Unknown command.
Unknown command.
You closely miss Grinder.
Grinder is lightly wounded.
Grinder hits you but does no damage.
You closely miss Grinder.
Grinder is lightly wounded.
Okay, then.
You closely miss Grinder.
Grinder is lightly wounded.
Grinder hits you but does no damage.
You hit Grinder. You burn Grinder.
Grinder is moderately wounded.
Grinder barely misses you.
You barely miss Grinder. You tail-slap Grinder!
Grinder is heavily wounded.
You barely miss Grinder.
Grinder is heavily wounded.
Grinder hits you.
* * * LOW HITPOINT WARNING * * *
You writhe in agony.
You die...
Grinder says, "Hey, I wasn't done torturing you yet!"

### ####### #<# #.....# #.#
#.###.# #.# ######## #.# #.#
#.# #......# #.# #.#####.#
##.####.# #.# #.....#.#
#....##.# ##.#######.#.#
#....##.#
#......@.....###....##.#
#.....5.............##.#
#####.......#....###....##.#
#...........##...# #....##.#
#.###............####)..##.#
#.###........).#(.....#.##.#
#.#............####......#..
#.#.........................
#.#.........###########.....


You could see Grinder.

Vanquished Creatures
  An adder (D:2)
  A ball python (D:1)
  5 bats
  5 endoplasms (D:1)
  A giant cockroach (D:2)
  5 goblins
  4 hobgoblins
  7 kobolds
  A frilled lizard (D:1)
  3 rats (D:1)
33 creatures vanquished.

Notes
Turn   | Place    | Note
-------+----------+-------------------------------------------
     0 | D:1      | grandjackal the Armataur Fighter began the quest for the
                  | Orb.
     0 | D:1      | Reached XP level 1. HP: 17/17 MP: 1/1
    39 | D:1      | Reached XP level 2. HP: 8/23 MP: 2/2
   385 | D:1      | Reached skill level 4 in Armour
   608 | D:2      | Reached XP level 3. HP: 29/29 MP: 3/3
   692 | D:2      | Found Irinot's Book Emporium.
   753 | D:2      | Found a faded altar of an unknown god.
  1145 | D:3      | Noticed Grinder
  1154 | D:2      | Paralysed by Grinder for 5 turns
  1165 | D:2      | Slain by Grinder

Illustrated notes

Levels and vault maps discovered:
D:1:      lemuel_arrival_lava_pool, layout_basic
D:2:      layout_basic, serial_shops, nicolae_shop_tiny_statue_garden,
          shapermc_ecumenical_altar_hornbeckon, kennysheep_another_room
D:3:      kennysheep_slugbush, layout_rooms, uniq_grinder, uniq_robin

Skill      XL: |  1  2 |
---------------+-------+-----
Maces & Flails | 2 |  2.3
Fighting       | 3 |  3.1
Armour         | 4 |  4.1
Shields        | |  3.7

Action                     || total
---------------------------++-------
  Melee: Flail             ||    41
         Tailslap          ||     7
         Whip              ||    47
    Use: Potion            ||     3
 Armour: Scale mail        ||    69
  Dodge: Dodged            ||    26
  Block: Buckler           ||     7

Table legend: (Time is in decaauts)
 A = Elapsed time spent in this place.
 B = Non-inter-level travel time spent in this place.
 C = Inter-level travel time spent in this place.
 D = Time resting spent in this place.
 E = Time spent auto-exploring this place.
 F = Levels seen in this place.
 G = Mean time per level.
                   A        B        C        D        E       F      G
               +--------+--------+--------+--------+--------+-----+--------+
         Total |   1176 |   1148 |     28 |    102 |    823 |   3 |  392.0 |
       Dungeon |   1176 |   1148 |     28 |    102 |    823 |   3 |  392.0 |
               +--------+--------+--------+--------+--------+-----+--------+

Top non-repeatable levels by time:
     D:2: 599 daAuts
     D:1: 574 daAuts
     D:3: 2 daAuts
